 Dungeon Crawl Stone Soup version 0.29.1-1-gd02db6906a (webtiles) character file.

Game seed: 306744580618865552

294 H0rd4k the Insei (level 6, -2/38 HPs)
             Began as an Octopode Transmuter on Oct 17, 2022.
             Slain by Grinder (11 damage)
             ... on level 3 of the Dungeon.
             The game lasted 00:02:02 (3151 turns).

H0rd4k the Insei (Octopode Transmuter)              Turns: 3151, Time: 00:02:03

Health: -2/38      AC:  1    Str:  9    XL:     6   Next: 34%
Magic:  8/9        EV: 13    Int: 18    God:
Gold:   126        SH:  0    Dex: 12    Spells: 8/9 levels left

rFire   . . .      SeeInvis .     - Unarmed
rCold   . . .      Faith    .   (no shield)
rNeg    . . .      Spirit   .   (helmet currently unavailable)
rPois   .          Reflect  .   (no amulet)
rElec   .          Harm     .   j - ring of wizardry
rCorr   .          Rampage  .   (no ring)
Will    .....                   (no ring)
Stlth   ++++......              (no ring)
HPRegen 0.12/turn               (no ring)
MPRegen 0.11/turn               (no ring)
                                (no ring)
                                (no ring)

@: appendages
A: tentacle spike 3, almost no armour, amphibious, 8 rings, camouflage 1,
gelatinous body 1, (nimble swimmer 1), tentacles
a: End Transformation


You were on level 3 of the Dungeon.
One of your tentacles had grown a beastly spike.
You visited 1 branch of the dungeon, and saw 3 of its levels.

You collected 126 gold pieces.

Inventory:

Hand Weapons
 k - a +0 dagger of draining
Missiles
 d - 4 poisoned darts
Jewellery
 j - a ring of wizardry (left tentacle)
Scrolls
 b - a scroll of magic mapping {unknown}
 f - a scroll of identify {unknown}
 i - 2 scrolls of fog {unknown}
 l - a scroll of immolation {unknown}
 m - a scroll of amnesia {unknown}
Potions
 a - a potion of lignification
 c - a potion of might {unknown}
 e - a potion of flight {unknown}
 g - a potion of degeneration {unknown}
 h - a potion of resistance {unknown}


   Skills:
 + Level 1.6 Fighting
 + Level 2.5 Dodging
 + Level 4.6 Stealth
 + Level 5.0 Unarmed Combat
 + Level 2.4 Spellcasting
 + Level 2.4 Transmutations


You had 8 spell levels left.
You knew the following spells:

 Your Spells              Type           Power      Damage    Failure   Level
a - Beastly Appendage     Tmut           22%        N/A       2%          1

Your spell library contained the following spells:

 Spells                   Type           Power      Damage    Failure   Level
 Wereblood                Tmut           11%        N/A       4%          2
 Spider Form              Tmut/Pois      6%         N/A       12%         3
 Ice Form                 Ice/Tmut       6%         N/A       38%         4


Dungeon Overview and Level Annotations

Branches:
Dungeon (3/15)

Altars:
Dithmenos

Annotations:
D:2 exclusion: downstairs
D:3 Grinder, Terence


Innate Abilities, Weirdness & Mutations

One of your tentacles has grown a beastly spike.
You cannot wear most types of armour.
You are amphibious.
You can wear up to eight rings at the same time.
Your skin changes colour to match your surroundings (Stealth+).
Your rubbery body absorbs attacks. (AC +1, EV +1)
((You are camouflaged when in or above water. (Stealth+)))
You have tentacles for arms and can constrict up to eight enemies at once.


Message History

You kill the hobgoblin!
A ball python is nearby!
A ball python is nearby!
A ball python is nearby!
You barely miss the ball python. You grab the ball python.
You constrict the ball python. The ball python barely misses you. x2
A ball python is nearby!
You bludgeon the ball python!
You kill the ball python!
No target in view!
You see here a ball python corpse.
Grinder comes into view.
Grinder is nearby!
Grinder is nearby!
Grinder is nearby!
Grinder hits you.
You writhe in agony.
You tentacle-slap Grinder. You grab Grinder.
Grinder is lightly wounded.
You constrict Grinder, but do no damage.
Casting: Beastly Appendage (safe; 2% risk of failure)
Confirm with . or Enter, or press ? or * to list all spells.
One of your tentacles grows a vicious spike.
You constrict Grinder, but do no damage.
Grinder gestures at you. Pain shoots through your body!
You tentacle-slap Grinder but do no damage.
You pierce Grinder.
You squeeze Grinder.
Grinder is moderately wounded.
You constrict Grinder. Grinder hits you!
You writhe in agony.
* * * LOW HITPOINT WARNING * * *
You tentacle-slap Grinder.
You pierce Grinder.
You squeeze Grinder.
Grinder is heavily wounded.
You constrict Grinder. Grinder gestures at you.
You resist with significant effort.
You tentacle-slap Grinder.
You pierce Grinder.
You squeeze Grinder.
Grinder is almost dead.
You constrict Grinder, but do no damage.
Grinder hits you!
You die...

.......#.#.##.#.#
.##....#.#.##...#
#....#.....###..##
.....#....## #...#
.......#..####.#.#
.......>.........#
.................#
.................##
.......#.......?@.#
....<........##.#5#
............. #.#.#
............. #.#.#
............. #.#.#
............. #. ..
............. #. #.
............. #. .
#######......


You could see Grinder.

Vanquished Creatures
  Sigmund (D:2)
  A howler monkey (D:3)
  An adder (D:3)
  2 worms
  2 dart slugs
  An orc (D:3)
  7 endoplasms
  3 giant cockroaches
  6 goblins
  9 hobgoblins
  2 jackals (D:2)
  7 kobolds
  4 quokkas
  8 ball pythons
  3 bats
  2 frilled lizards
  5 rats
64 creatures vanquished.

Notes
Turn   | Place    | Note
-------+----------+-------------------------------------------
     0 | D:1      | H0rd4k the Octopode Transmuter began the quest for the Orb.
     0 | D:1      | Reached XP level 1. HP: 13/13 MP: 3/3
   333 | D:1      | Reached XP level 2. HP: 18/18 MP: 5/5
   793 | D:1      | You fall into a shaft and drop 1 floor!
   995 | D:1      | Reached skill level 1 in Stealth
   995 | D:1      | Reached XP level 3. HP: 20/23 MP: 6/6
  1034 | D:1      | Found a faded altar of an unknown god.
  1364 | D:2      | Noticed Sigmund
  1373 | D:2      | HP: 1/23 [Sigmund/magic dart (9)]
  1374 | D:2      | Killed Sigmund
  1375 | D:2      | Reached skill level 4 in Unarmed Combat
  1375 | D:2      | Reached XP level 4. HP: 2/28 MP: 5/7
  1375 | D:2      | Reached XP level 5. HP: 2/33 MP: 5/8
  1774 | D:2      | Found a shadowy altar of Dithmenos.
  2358 | D:2      | Reached XP level 6. HP: 38/38 MP: 9/9
  2540 | D:3      | Noticed Terence
  2837 | D:3      | Reached skill level 5 in Unarmed Combat
  3143 | D:3      | Noticed Grinder
  3151 | D:3      | Slain by Grinder

Illustrated notes

Levels and vault maps discovered:
D:1:      onia_arrival_pyramid, layout_loops_ring,
          ebering_ecumenical_altar_petrified, hangedman_feature_mirror
D:2:      layout_loops_corners, basic_altar, kennysheep_generic_room_6,
          uniq_sigmund
D:3:      layout_rooms, uniq_terence, uniq_grinder, uniq_crazy_yiuf_cottage

Skill      XL: |  1  2  3  4  5  6 |
---------------+-------------------+-----
Stealth        | 1 4 |  4.6
Unarmed Combat | 4 5 |  5.0
Fighting       | |  1.6
Dodging        | |  2.5
Spellcasting   | |  2.4
Transmutations | |  2.4

Action                   |  1- 3 |  4- 6 || total
-------------------------+-------+-------++-------
Melee: Unarmed           |    62 |    91 ||   153
       Tentacles         |    13 |    20 ||    33
       Constrict         |    13 |    25 ||    38
       Kick              |     6 |    14 ||    20
       Punch             |       |     5 ||     5
 Cast: Beastly Appendage |     2 |     5 ||     7
 Stab: Sleeping          |     9 |     7 ||    16
Armor: Skin              |     2 |     8 ||    10
Dodge: Dodged            |    25 |    45 ||    70
